 Dungeon Crawl Stone Soup version 0.28.0-43-g3370ac3207 (webtiles) character file.

Game seed: 7119224439941142636

58 smarlow the Skirmisher (level 3, 0/34 HPs)
             Began as a Minotaur Fighter on Feb 28, 2022.
             Succumbed to a hornet's poison
             ... on level 4 of the Dungeon.
             The game lasted 00:02:24 (1962 turns).

smarlow the Skirmisher (Minotaur Fighter)           Turns: 1962, Time: 00:02:24

Health: 0/34       AC: 10    Str: 22    XL:     3   Next: 75%
Magic:  2/2        EV:  9    Int:  5    God:
Gold:   82         SH:  3    Dex:  4    Spells: 2/2 levels left

rFire   . . .      SeeInvis .   a - +0 war axe
rCold   . . .      Faith    .   c - +0 buckler
rNeg    . . .      Spirit   .   b - +0 scale mail
rPois   .          Reflect  .   (helmet restricted)
rElec   +          Harm     .   (no cloak)
rCorr   .          Rampage  .   j - +0 pair of gloves
Will    .....                   k - +1 pair of boots of Bad Feelings {rElec Dex-5 Stlth+}
Stlth   ..........              (no amulet)
HPRegen 0.11/turn               (no ring)
MPRegen 0.08/turn               (no ring)

@: mighty, lethally poisoned (0 -> -17), flying, slowed, very slow
A: horns 2, retaliatory headbutt
a: no special abilities


You were on level 4 of the Dungeon.
You visited 1 branch of the dungeon, and saw 3 of its levels.

You collected 82 gold pieces.

Inventory:

Hand Weapons
 a - a +0 war axe (weapon)
Armour
 b - a +0 scale mail (worn)
 c - a +0 buckler (worn)
 j - a +0 pair of gloves (worn)
 k - the +1 pair of boots of Bad Feelings (worn) {rElec Dex-5 Stlth+}
   (You found it on level 4 of the Dungeon)

   Dex:       It affects your dexterity (-5).
   rElec:     It insulates you from electricity.
   Stlth:     It makes you more stealthy.
Jewellery
 i - a ring of fire
 m - an amulet of the acrobat
Scrolls
 f - 2 scrolls of enchant weapon {unknown}
 l - a scroll of fear {unknown}
Potions
 e - a potion of degeneration {unknown}
 g - a potion of flight
 h - a potion of attraction {unknown}


   Skills:
 * Level 4.5 Fighting
 + Level 3.1 Axes
 + Level 4.1 Armour
 + Level 4.1 Shields


You had 2 spell levels left.
You didn't know any spells.
Your spell library was empty.

Dungeon Overview and Level Annotations

Branches:
Dungeon (2/15)

Altars:

Shops:
D:1 [


Innate Abilities, Weirdness & Mutations

You have a pair of horns on your head.
You reflexively headbutt those who attack you in melee.


Message History

Found a pair of warped boots.
You see here the +1 pair of boots of Bad Feelings {rElec Dex-5 Stlth+}.
You start putting on your armour.
You continue putting on the +1 pair of boots of Bad Feelings {rElec Dex-5 Stlth+}. x4
You finish putting on the +1 pair of boots of Bad Feelings {rElec Dex-5 Stlth+}.
You feel clumsy.
f - 2 scrolls labelled UPLOUW VERPH (gained 1)
You now have 82 gold pieces (gained 6).
You open the door.
There is an open door here.
You open the door.
There is an open door here.
l - a scroll labelled WYULOI KEAN
Found a stone staircase leading up.
m - an amulet of the acrobat A hobgoblin comes into view.
The hobgoblin shouts!
You barely miss the hobgoblin.
The hobgoblin hits you but does no damage.
You slash the hobgoblin!
You kill the hobgoblin!
A hornet comes into view.
The hornet buzzes angrily.
You closely miss the hornet. You headbutt the hornet.
The hornet is lightly wounded.
The hornet stings you!
You are poisoned.
You feel yourself slow down.
The hornet stings you but does no damage.
You feel very mighty all of a sudden.
You feel yourself speed up.
You feel very sick. The hornet stings you!
You are lethally poisoned!
You feel yourself slow down. The hornet stings you!
* * * LOW HITPOINT WARNING * * *
You feel as though you will be slow longer.
It was a potion of flight.
You feel very buoyant.
You fly up into the air.
You die...

#.##### .## #.# ..# #.#
#?# #.# #.# #.# ...
##.## #.# #...# #y#
#...# ## #@# #...## #
##...#.#########...####
.......................'
###...#.########....####
##.##.# #....## # ## #.#
#....# #.# #.#### #.#
#.# #.# #.#


You could see a hornet.

Vanquished Creatures
  An adder (D:2)
  A worm (D:2)
  A dart slug (D:4)
  An orc (D:4)
  5 bats
  5 endoplasms
  2 giant cockroaches
  5 hobgoblins
  2 jackals (D:1)
  A quokka (D:2)
  A ball python (D:2)
  A frilled lizard (D:1)
  7 goblins
  A kobold (D:1)
  4 rats
38 creatures vanquished.

Notes
Turn   | Place    | Note
-------+----------+-------------------------------------------
     0 | D:1      | smarlow the Minotaur Fighter began the quest for the Orb.
     0 | D:1      | Reached XP level 1. HP: 19/19 MP: 0/0
   592 | D:1      | Reached XP level 2. HP: 27/27 MP: 1/1
   743 | D:1      | Found Ipnaophe's Armour Shop.
  1145 | D:2      | Reached XP level 3. HP: 19/33 MP: 2/2
  1486 | D:2      | Found a faded altar of an unknown god.
  1674 | D:2      | You fall into a shaft and drop 2 floors!
  1865 | D:4      | Identified the +1 pair of boots of Bad Feelings {rElec
                  | Dex-5 Stlth+}
  1957 | D:4      | Noticed a hornet
  1962 | D:4      | Succumbed to a hornet's poison

Illustrated notes

Levels and vault maps discovered:
D:1:      dpeg_arrival_water_fire, layout_basic, serial_shops,
          nicolae_shop_window_shopping
D:2:      layout_basic, ebering_ecumenical_altar_webs, chequers_decorated_corner
D:4:      layout_loops_corners, gammafunk_temple_overflow_pools

Skill      XL: |  1  2  3 |
---------------+----------+-----
Fighting       | 4 |  4.5
Armour         | 4 |  4.1
Shields        | 4 |  4.1
Axes           | 3 |  3.1

Action                   || total
-------------------------++-------
Melee: War axe           ||    89
       Headbutt          ||    15
  Use: Potion            ||     2
Armor: Scale mail        ||    47
Dodge: Dodged            ||    22
Block: Buckler           ||    21
